 Dungeon Crawl Stone Soup version 0.17-a0-1-g1f4be75 (webtiles) character file.

341 Gronka the Covered (level 6, -6/48 HPs)
             Began as a Human Fighter on Mar 9, 2015.
             Mangled by an iguana (12 damage)
             ... on level 4 of the Dungeon.
             The game lasted 00:05:45 (2475 turns).

Gronka the Covered (Human Fighter)                  Turns: 2475, Time: 00:05:46

Health: -6/48      AC:  7    Str: 19    XL:     6   Next: 87%
Magic:  6/6        EV: 10    Int:  8    God:
Gold:   95         SH:  0    Dex: 12    Spells: 0 memorised, 5 levels left

rFire  . . .     SeeInvis .     a - +0 rapier
rCold  . . .     Clarity  .     b - +0 scale mail
rNeg   . . .     SustAb   +     (no shield)
rPois  .         Gourm    .     (no helmet)
rElec  .         Spirit   .     (no cloak)
rCorr  .         Warding  .     (no gloves)
rMut   .         Stasis   +     (no boots)
MR     +....                    j - amulet of stasis
Stlth  ..........               h - ring of protection from magic
                                o - ring of sustain abilities

@: somewhat resistant to hostile enchantments, extremely unstealthy
A: no striking features
a: no special abilities


You were on level 4 of the Dungeon.
You were not hungry.

You visited 1 branch of the dungeon, and saw 4 of its levels.

You collected 95 gold pieces.

Inventory:

Hand weapons
 a - a +0 rapier (weapon)
Armour
 b - a +0 scale mail (worn)
 c - a +0 shield
Jewellery
 h - a ring of protection from magic (right hand)
 j - an amulet of stasis (around neck)
 o - a ring of sustain abilities (left hand)
Scrolls
 f - a scroll of blinking {unknown}
 g - a scroll of teleportation {unknown}
 i - 5 scrolls of remove curse
 p - a scroll of magic mapping {unknown}
 q - 3 scrolls of fear
Potions
 k - a potion of magic
 m - a potion of ambrosia {unknown}
 r - a potion of restore abilities {unknown}
Comestibles
 d - 3 bread rations
 n - a beef jerky
 s - a meat ration


   Skills:
 + Level 4.0 Fighting
 + Level 3.2 Short Blades
 + Level 4.8 Armour
 + Level 2.7 Dodging
 + Level 3.5 Shields


You had 5 spell levels left.
You didn't know any spells.

Dungeon Overview and Level Annotations

Branches:
Dungeon (4/15)
 Temple: D:4-7

Altars:
Okawaru
The Shining One


Message History

The iguana is heavily wounded.
The iguana bites you.
* * * LOW HITPOINT WARNING * * *
You hit the iguana.
The iguana is severely wounded.
The iguana bites you.
* * * LOW HITPOINT WARNING * * *
You closely miss the iguana.
The iguana is severely wounded.
The iguana barely misses you. The iguana misses you.
You hit the iguana.
The iguana is almost dead.
The iguana barely misses you.
You completely miss the iguana.
The iguana is almost dead.
The iguana bites you but does no damage.
You closely miss the iguana.
The iguana is almost dead.
The iguana bites you!
You die...

...♣...#..#### ##..
.........## ##.
.#.#.....# ## #.......#
# ###.....### #####
##.......#####...#
#.#####.................
#.............#######...
###..l@.###### ##..
#.....### ##. #....## ##
#... # #.. .


You could see an iguana.

Vanquished Creatures
  The ghost of Gronka the Shield-Bearer, an average HuFi (D:4)
  A worker ant (D:4)
  A gnoll (D:1)
  5 adders
  A giant mite (D:1)
  An ooze (D:2)
  8 bats
  7 giant cockroaches
  9 goblins
  6 hobgoblins
  2 jackals (D:3)
  2 giant geckos
  A giant newt (D:2)
  9 kobolds
  2 quokkas
  6 rats
62 creatures vanquished.

Notes
Turn   | Place    | Note
--------------------------------------------------------------
     0 | D:1      | Gronka, the Human Fighter, began the quest for the Orb.
     0 | D:1      | Reached XP level 1. HP: 18/18 MP: 1/1
   157 | D:1      | Reached XP level 2. HP: 8/24 MP: 2/2
   405 | D:1      | Reached XP level 3. HP: 16/29 MP: 3/3
   916 | D:2      | Reached skill level 1 in Dodging
   916 | D:2      | Reached XP level 4. HP: 22/35 MP: 4/4
  1252 | D:2      | Found a glowing golden altar of the Shining One.
  1614 | D:3      | Reached XP level 5. HP: 36/41 MP: 5/5
  1963 | D:4      | Reached skill level 4 in Armour
  1975 | D:4      | Found an iron altar of Okawaru.
  1999 | D:4      | Noticed Gronka's ghost (average HuFi)
  2162 | D:4      | HP: 1/42 [Gronka's ghost (8)]
  2167 | D:4      | Killed Gronka's ghost
  2167 | D:4      | Reached XP level 6. HP: 8/48 MP: 6/6
  2475 | D:4      | Mangled by an iguana

Action                   |  1- 3 |  4- 6 || total
-------------------------+-------+-------++-------
Melee: Rapier            |   105 |   179 ||   284
  Use: Scroll            |     1 |     4 ||     5
       Potion            |       |     3 ||     3
  Eat: Bread ration      |       |     2 ||     2
